 Dungeon Sprint DCSS version 0.31-a0-875-g02e7d12df6 (webtiles) character file.

Game seed: 3075824582927733316

5 fozzywoppz the Shield-Bearer (level 1, -3/22 HPs)
             Began as a Troll Fighter on Oct 13, 2023.
             Slain by an ogre
             ... wielding a +0 giant spiked club
              (25 damage)
             ... in the Dungeon (Sprint IX: "|||||||||||||||||||||||||||||").
             The game lasted 00:00:12 (21 turns).

fozzywoppz the Shield-Bearer (Troll Fighter)          Turns: 21, Time: 00:00:13

Health: -3/22      AC:  4    Str: 23    XL:     1   Next: 66%
Magic:  0/0        EV:  9    Int:  4    God:
Gold:   0          SH:  7    Dex:  9    Spells: 0/0 levels left

rFire   . .          .
                       - Unarmed
rCold   . . .        b - +0 kite shield
rNeg    . . .        a - +0 robe
rPois   .            (helmet restricted)
rElec   .            (no cloak)
rCorr   .            (gloves unavailable)
SInv    .            (boots unavailable)
Will    .....        (no amulet)
Stlth   +            (no ring)
HPRegen 1.03/turn    (no ring)
MPRegen 0.07/turn

%: no teleportation
@: no status effects
A: large, unfitting armour, claws 3, regeneration 1, shaggy fur 1, tough skin 1
a: no special abilities


You were in the Dungeon.
You visited 1 branch

Inventory:

Armour
 a - a +0 robe (worn)
 b - a +0 kite shield (worn)
Scrolls
 i - a scroll of blinking
Potions
 c - a potion of might
 d - a potion of curing
 e - a potion of heal wounds
 f - a potion of haste
 g - 2 potions of magic
 h - a potion of berserk rage


   Skills:
 + Level 2.8 Fighting
 + Level 2.8 Dodging
 + Level 3.1 Shields
 + Level 2.6 Unarmed Combat


You couldn't memorise any spells.
You didn't know any spells.
Your spell library was empty.

Dungeon Overview and Level Annotations

Branches:
Dungeon (1/1)

Altars:


Innate Abilities, Weirdness & Mutations

You are too large for most types of armour.
You have claws for hands.
Your natural rate of healing is unusually fast.
You are covered in fur. (AC +1)
You have tough skin. (AC +1)


Message History

The hobgoblin shouts!
You claw the hobgoblin!
You kill the hobgoblin!
You closely miss the goblin. The goblin hits you but does no damage.
You claw the goblin!
You kill the goblin!
Your Shields skill increases to level 3!
You claw the hobgoblin!
You kill the hobgoblin!
You block the rat's attack.
There is an open door to the Dungeon here.
You see here a +0 club.
You claw the rat!
You kill the rat!
The bat hits you but does no damage. x2
You closely miss the bat. The bat hits you but does no damage.
The bat closely misses you.
You scratch the bat.
The bat is severely wounded.
You block the bat's attack. The bat hits you. You block the bat's attack.
You see here a rat corpse.
You barely miss the bat.
The bat is moderately wounded.
The bat barely misses you.
You scratch the bat.
You kill the bat!
You open the door.
An iguana, a white imp, an orc wizard and 2 ogres come into view.
The white imp shouts, "Give up, thou grime-gilt fen-sucked deadneck!"
The orc wizard shouts!
The ogre shouts!
You closely miss the ogre.
The orc wizard mumbles some strange words.
The orc wizard flickers and vanishes!
Deactivating autopickup; reactivate with Ctrl-A.
The ogre closely misses you.
You barely miss the ogre.
The ogre hits you with a +0 giant spiked club!!
Ouch! That really hurt!
You die... ▓▓▓▓▓▓▓▓▓▓▓▓▓▓▓▓▓▓ +.l5.OO@...†)...<▓ ▓▓▓▓▓▓▓▓▓▓▓▓▓▓▓▓▓▓

You could see 2 ogres, an iguana and a white imp.

Vanquished Creatures
  A goblin (D)
  2 hobgoblins (D)
  A bat (D)
  A rat (D)
5 creatures vanquished.

Notes
Turn   | Place    | Note
-------+----------+-------------------------------------------
     0 | D        | fozzywoppz the Troll Fighter began the quest for the Orb.
     0 | D        | Reached XP level 1. HP: 22/22 MP: 0/0
     7 | D        | Reached skill level 3 in Shields
    19 | D        | Noticed an iguana
    19 | D        | Noticed an orc wizard
    19 | D        | Noticed an ogre
    19 | D        | Noticed an ogre
    21 | D        | Slain by an ogre

Illustrated notes

Levels and vault maps discovered:
D:        linesprint [early_d, line_temple, items_1, d_10, items_2, lair_1,
          lair_end, items_3, orc_1, orc_end, items_4, d_15, swamp_1, shoals_1,
          snake_1, spider_1, d_20, vaults_1, items_5, swamp_end, shoals_end,
          snake_end, spider_end, vaults_end, d_27, items_6, zot_1, zot_end,
          crypt_end, forest_end, elf_end, slime_end, tomb_end, abyss_end,
          pan_hell_end]

Skill      XL: |  1 |
---------------+----+-----
Shields        | 3 |  3.1
Fighting       | |  2.8
Dodging        | |  2.8
Unarmed Combat | |  2.6

Action                     || total
---------------------------++-------
  Melee: Unarmed           ||    11
 Armour: Robe              ||     6
  Dodge: Dodged            ||     3
  Block: Kite shield       ||     3

Table legend: (Time is in decaauts)
 A = Elapsed time spent in this place.
 B = Non-inter-level travel time spent in this place.
 C = Inter-level travel time spent in this place.
 D = Time resting spent in this place.
 E = Time spent auto-exploring this place.
 F = Levels seen in this place.
 G = Mean time per level.
                   A        B        C        D        E       F      G
               +--------+--------+--------+--------+--------+-----+--------+
         Total |     21 |     21 |      0 |      0 |      0 |   1 |   21.0 |
       Dungeon |     21 |     21 |      0 |      0 |      0 |   1 |   21.0 |
               +--------+--------+--------+--------+--------+-----+--------+

Top non-repeatable levels by time:
       D: 21 daAuts
